 Dungeon Crawl Stone Soup version 0.28-a0-779-g3d1f99b579 (webtiles) character file.

Game seed: 8501455230573699806

1230 jasper the Chopper (level 8, -1/65 HPs)
             Began as a Demonspawn Cinder Acolyte on Nov 3, 2021.
             Was an Initiate of Ignis.
             Slain by a wraith (4 damage)
             ... on level 5 of the Dungeon.
             The game lasted 00:07:03 (5552 turns).

jasper the Chopper (Demonspawn Cinder Acolyte)      Turns: 5552, Time: 00:07:03

Health: -1/65      AC: 16    Str: 14    XL:     8   Next: 24%
Magic:  9/9        EV:  8    Int: 24    God:    Ignis [......]
Gold:   177        SH:  0    Dex:  9    Spells: 7/9 levels left

rFire   + + .      SeeInvis .   a - +0 hand axe (flame)
rCold   + . .      Faith    .   (no shield)
rNeg    . . .      Spirit   .   x - +2 scale mail {rC+}
rPois   .          Reflect  .   (helmet restricted)
rElec   .          Harm     .   l - +2 cloak {Stlth+}
rCorr   .          Rampage  .   (no gloves)
Will    .....                   p - +0 pair of boots
Stlth   +.........              h - amulet of magic regeneration
HPRegen 0.20/turn               f - +6 ring of intelligence
MPRegen 0.36/turn               (no ring)

@: very slightly contaminated, slowed, invisible, very slow
A: antennae 2, molten scales 3, foul stench 1, demonic magic 1
a: Renounce Religion


You were on level 5 of the Dungeon.
You worshipped Ignis.
Ignis was noncommittal.
You visited 1 branch of the dungeon, and saw 6 of its levels.

You collected 177 gold pieces.

Inventory:

Hand Weapons
 a - a +0 hand axe of flaming (weapon)
 s - a +0 hunting sling of flaming
Missiles
 e - 114 stones (quivered)
 t - 3 throwing nets
 u - 30 poisoned darts
Armour
 b - a +0 robe
 c - a +0 scale mail
 l - a +2 cloak of stealth (worn)
 p - a +0 pair of boots (worn)
 x - a +2 scale mail of cold resistance (worn)
Jewellery
 f - a +6 ring of intelligence (left hand)
 h - an amulet of magic regeneration (around neck)
Wands
 v - a wand of flame (6)
 z - a wand of digging (4)
Scrolls
 m - a scroll of brand weapon
 n - a scroll of amnesia
 y - a scroll of fog
Potions
 d - a potion of brilliance
 g - a potion of ambrosia
 j - a potion of degeneration
 k - 3 potions of attraction
 o - a potion of haste
 q - a potion of invisibility
 r - a potion of might {unknown}
 w - a potion of flight {unknown}


   Skills:
 + Level 6.4 Fighting
 * Level 7.9 Axes
 - Level 0.1 Armour
 - Level 1.0 Spellcasting
 - Level 2.6 Fire Magic


You had 7 spell levels left.
You knew the following spells:

 Your Spells              Type           Power      Damage    Failure   Level
a - Animate Skeleton      Necr           2%         N/A       52%         1
b - Apportation           Tloc           2%         N/A       52%         1

Your spell library contained the following spells:

 Spells                   Type           Power      Damage    Failure   Level
 Scorch                   Fire           28%        2d6       30%         2
 Summon Small Mammal      Summ           4%         N/A       52%         1
 Sublimation of Blood     Necr           1%         N/A       65%         2
 Wereblood                Tmut           1%         N/A       65%         2
 Gell's Gravitas          Tloc           1%         N/A       87%         3
 Teleport Other           Tloc           1%         N/A       87%         3
 Dispersal                Tloc           0%         N/A       100%        6
 Summon Hydra             Summ           0%         N/A       100%        7


Dungeon Overview and Level Annotations

Branches:
Dungeon (6/15)
 Temple: D:4-7

Altars:

Shops:
D:3 [

Annotations:
D:6 Sigmund


Innate Abilities, Weirdness & Mutations

You have a pair of antennae on your head.
You are completely covered in molten scales. (AC +4, rF+)
You may rarely emit foul miasma when damaged in melee.
Spells you cast may paralyse adjacent enemies.


Message History

Okay, then.
Your scale mail prevents you from hitting the wraith.
The wraith is moderately damaged.
The howler monkey hoots and howls with incredible vigour!
The wraith hits you!
You take 9 damage, and have 24/65 hp.
You hit the wraith but do no damage.
The wraith is moderately damaged.
The wraith hits you but does no damage. x2
You hit the wraith. You burn the wraith.
The wraith is moderately damaged.
The wraith hits you but does no damage.
The howler monkey hoots and howls with incredible vigour!
You hit the wraith but do no damage.
The wraith is moderately damaged.
The wraith barely misses you.
It was a potion of invisibility.
You fade into invisibility!
The wraith hits you but does no damage. The wraith hits you!
* * * LOW HITPOINT WARNING * * *
You are very lightly contaminated with residual magic.
You take 7 damage, and have 18/65 hp.
You hit the wraith but do no damage.
The wraith is moderately damaged.
The wraith hits you but does no damage.
You barely miss the wraith.
The wraith is moderately damaged.
The wraith hits you.
* * * LOW HITPOINT WARNING * * *
The wraith drains your vigour!
You feel as though you will be slow longer.
You take 4 damage, and have 14/65 hp.
You hit the wraith but do no damage.
The wraith is moderately damaged.
The wraith hits you!
* * * LOW HITPOINT WARNING * * *
The wraith drains your vigour!
You feel as though you will be slow longer.
The wraith hits you.
You die...

.†##.# #.# #........ #.##.# #.#
#..#.##.. ...#.# #.# ####........
.....# #.# #...#.##.##.
.....#############.###...#.##.##.
.........................#.......
########.######.###.>...........#
###....#.# #.##..........#.#.#
#.†....'.# #.@Wh...........>..
.......#.# #.#####.....##.##.#
....####.# #.# #.....##.##.#
..### ##.# #.# #...........# .###
#..# #.# #.######.#### .##h. #.##
#.#####.# #.....## ## oZ.#.#
#.......# #.<...## # .$#.#
####.#### #.....## # ###.#
#......# #.....##


You could see a wraith and a howler monkey.

Vanquished Creatures
  Edmund (D:5)
  2 water moccasins (D:5)
  A sky beast (D:6)
  A centaur (D:6)
  2 kobold brigands (D:3)
  A wyvern zombie (D:5)
  A scorpion (D:5)
  A howler monkey (D:6)
  2 bullfrog skeletons
  A hound (D:2)
  A centaur skeleton (D:5)
  A jelly (D:5)
  Crazy Yiuf (D:2)
  3 iguanas
  7 gnolls
  4 adders
  A shadow imp (D:5)
  2 ufetubi
  2 worms
  3 dart slugs
  5 endoplasms
  A giant cockroach (D:2)
  7 goblins
  6 hobgoblins
  6 jackals
  2 quokkas
  7 ball pythons
  4 bats
  3 frilled lizards
  12 kobolds
  8 rats
99 creatures vanquished.

Vanquished Creatures (others)
  116 foxfires
  3 plants (D:6)
119 creatures vanquished.

Grand Total: 218 creatures vanquished

Notes
Turn   | Place    | Note
-------+----------+-------------------------------------------
     0 | D:1      | jasper the Demonspawn Cinder Acolyte began the quest for
                  | the Orb.
     0 | D:1      | Reached XP level 1. HP: 18/18 MP: 2/2
   521 | D:1      | Reached skill level 3 in Axes
   527 | D:1      | Gained mutation: You may rarely emit foul miasma when
                  | damaged in melee. [demonic ancestry]
   527 | D:1      | Reached XP level 2. HP: 7/24 MP: 3/3
  1325 | D:1      | Gained mutation: You have a pair of small antennae on your
                  | head. [demonic ancestry]
  1325 | D:1      | Reached XP level 3. HP: 28/29 MP: 4/4
  1646 | D:2      | Learned a level 1 spell: Animate Skeleton
  1648 | D:2      | Learned a level 1 spell: Apportation
  1835 | D:2      | Found a runed translucent door.
  1836 | D:2      | Noticed Crazy Yiuf
  1877 | D:2      | Reached skill level 4 in Axes
  1877 | D:2      | Gained mutation: You are partially covered in molten
                  | scales. (AC +2) [demonic ancestry]
  1877 | D:2      | Reached XP level 4. HP: 30/37 MP: 5/5
  2233 | D:2      | Killed Crazy Yiuf
  2362 | D:3      | Found Cakom's Armour Boutique.
  2511 | D:3      | Found a faded altar of an unknown god.
  2842 | D:3      | Gained mutation: Spells you cast may paralyse adjacent
                  | enemies. [demonic ancestry]
  2842 | D:3      | Reached XP level 5. HP: 42/42 MP: 6/6
  3070 | D:3      | Reached skill level 5 in Axes
  3105 | D:3      | Gained mutation: You are mostly covered in molten scales.
                  | (AC +3) [demonic ancestry]
  3105 | D:3      | Reached XP level 6. HP: 20/49 MP: 7/7
  4214 | D:5      | Entered Level 5 of the Dungeon
  4214 | D:5      | Noticed a water moccasin
  4218 | D:5      | Killed a water moccasin
  4219 | D:5      | Reached skill level 5 in Fighting
  4219 | D:5      | Reached skill level 6 in Axes
  4219 | D:5      | Gained mutation: You are completely covered in molten
                  | scales. (AC +4, rF+) [demonic ancestry]
  4219 | D:5      | Reached XP level 7. HP: 56/56 MP: 8/8
  4972 | D:5      | Noticed Edmund
  4998 | D:5      | Killed Edmund
  4999 | D:5      | Reached skill level 7 in Axes
  5272 | D:6      | Gained mutation: You have a pair of antennae on your head.
                  | [demonic ancestry]
  5272 | D:6      | Reached XP level 8. HP: 23/64 MP: 9/9
  5514 | D:6      | Noticed Sigmund
  5552 | D:5      | HP: 3/65 [wraith (11)]
  5552 | D:5      | Slain by a wraith

Illustrated notes

Levels and vault maps discovered:
D:1:      heliophobic_arrival_enchanted_forest, layout_basic
D:2:      layout_rooms, corexii_item_surrounded_by_moat, dk_noncrumbling_4,
          uniq_crazy_yiuf_cottage
D:3:      cheibrodos_thug_alley, layout_loops_corners, serial_shops, shop,
          ebering_ecumenical_altar_mist
D:4:      layout_loops_cross, minmay_misc_feat_ornament,
          hangedman_decor_peaks_small, patterned_corridor
D:5:      layout_loops_cross, corexii_shack, lightli_corner_chamber, uniq_edmund
D:6:      layout_cave_pools, serial_park, serial_park_square1
          [serial_park_minivault_5x5_5], serial_park_square1
          [serial_park_minivault_5x5_5], serial_park_square3
          [serial_park_minivault_5x5_5], uniq_sigmund

Skill      XL: |  1  2  3  4  5  6  7 |
---------------+----------------------+-----
Axes           | 3 4 5 6 7 |  7.9
Fighting       | 4 5 6 |  6.4
Armour         | |  0.1
Spellcasting   | |  1.0
Fire Magic     | |  2.6

Action                   |  1- 3 |  4- 6 |  7- 9 || total
-------------------------+-------+-------+-------++-------
Melee: Hand axe          |   110 |   135 |   133 ||   378
Invok: Foxfire Swarm     |     1 |     7 |     2 ||    10
Evoke: Wand              |       |       |     4 ||     4
  Use: Scroll            |     3 |     5 |     6 ||    14
       Potion            |       |       |     1 ||     1
 Stab: Sleeping          |     1 |       |       ||     1
Armor: Robe              |    11 |       |       ||    11
       Scale mail        |    46 |    98 |   122 ||   266
Dodge: Dodged            |    59 |    77 |    78 ||   214

Table legend: (Time is in decaauts)
 A = Elapsed time spent in this place.
 B = Non-inter-level travel time spent in this place.
 C = Inter-level travel time spent in this place.
 D = Time resting spent in this place.
 E = Time spent auto-exploring this place.
 F = Levels seen in this place.
 G = Mean time per level.
                   A        B        C        D        E       F      G
               +--------+--------+--------+--------+--------+-----+--------+
         Total |   5592 |   5545 |     47 |    546 |   3907 |   6 |  932.0 |
       Dungeon |   5592 |   5545 |     47 |    546 |   3907 |   6 |  932.0 |
               +--------+--------+--------+--------+--------+-----+--------+

Top non-repeatable levels by time:
     D:1: 1631 daAuts
     D:3: 1210 daAuts
     D:5: 1059 daAuts
     D:4: 763 daAuts
     D:2: 649 daAuts
     D:6: 278 daAuts
